AoeStats
← GingerChook

QS Arena

503521519Analyzed
4v4 RM · 1mo ago on Sep 1, 2026· 60m 35s· 8 players
Game mode
Random Map
Map size
Large (8 player)
Population
200
Speed
Normal
Resources
Standard
Victory
Conquest
Starting age
Dark Age
Ending age
Imperial Age
RankedLock teamsTeams togetherTeam positionsShared explorationLock speedFull tech treeHidden civsTurbo modeCheats
Victory
Defeat
🇨🇱 Khmer · Chile
774
+14
🇮🇳 Teutons · India
742
+16
🇨🇴 Bulgarians · Colombia
696
+18
🇦🇺 Britons · Australia
690
+18
🇺🇸 Bohemians · United States
849
-50
🇺🇸 Ethiopians · United States
744
-17
🇺🇸 Britons · United States
681
-14
🇺🇸 Khmer · United States
657
-13
darkwolf
9:56 Feudal Age
8:46 Loom
10:52 Double-Bit Axe
10:50 Horse Collar
13:22 Wheelbarrow
16:42 Castle Age
15:32 Gold Mining
15:41 Stone Mining
16:14 Fletching
18:53 Gold Shaft Mining
20:10 Crossbowman
24:02 Pikeman
25:30 Hand Cart
25:38 Pikeman
26:28 Scale Mail Armor
26:51 Squires
28:33 Fortified Wall
28:19 Murder Holes
28:45 Ballistics
32:46 Imperial Age
32:50 Scale Barding Armor
33:01 Chain Mail Armor
32:42 Bodkin Arrow
32:58 Forging
32:49 Padded Archer Armor
34:28 Hoardings
34:55 Conscription
36:16 Heavy Plow
36:37 Masonry
37:32 Chemistry
36:10 Cavalier
40:03 Elite Longbowman
41:50 Iron Casting
41:18 Bracer
41:34 Leather Archer Armor
43:39 Siege Engineers
44:06 Architecture
43:49 Siege Engineers
45:51 Town Watch
45:42 Halberdier
47:35 Halberdier
53:23 Man-at-Arms
vickshick
6:47 Loom
8:44 Feudal Age
9:22 Horse Collar
9:29 Double-Bit Axe
14:51 Castle Age
18:13 Wheelbarrow
21:05 Hand Cart
20:44 Gold Mining
20:44 Stone Mining
20:38 Pikeman
25:11 Forging
25:06 Scale Barding Armor
29:37 Imperial Age
29:01 Ballistics
28:34 Fletching
28:45 Padded Archer Armor
30:24 Bodkin Arrow
30:45 Leather Archer Armor
31:07 Iron Casting
30:35 Scale Mail Armor
31:24 Halberdier
33:55 Hoardings
35:11 Bracer
35:42 Ring Archer Armor
35:24 Masonry
36:24 Heavy Scorpion
42:39 Chemistry
41:44 Siege Engineers
41:39 Murder Holes
42:45 Double Crossbow
46:04 Bow Saw
46:55 Gold Shaft Mining
46:55 Stone Shaft Mining
48:43 Double Crossbow
49:33 Conscription
53:00 Light Cavalry
53:50 Bloodlines
53:40 Husbandry
54:05 Hussar
.RamroD.
10:17 Feudal Age
10:55 Double-Bit Axe
10:52 Horse Collar
16:47 Castle Age
16:37 Stone Mining
17:29 Crossbowman
20:12 Gold Mining
22:26 Fletching
24:27 Heavy Plow
25:22 Bow Saw
25:47 Ballistics
28:37 Husbandry
30:16 Thumb Ring
29:35 Elite Skirmisher
31:55 Town Watch
39:51 Imperial Age
40:09 Elite Shotel Warrior
40:54 Royal Heirs
41:30 Bodkin Arrow
41:35 Padded Archer Armor
42:00 Heavy Camel Rider
46:31 Squires
46:17 Arson
47:23 Murder Holes
56:58 Two-Man Saw
57:13 Chemistry
56:19 Arbalester
hanumatejamaddali
1:55 Loom
10:49 Feudal Age
14:43 Double-Bit Axe
16:12 Horse Collar
19:24 Castle Age
28:18 Imperial Age
27:15 Murder Holes
27:14 Fletching
32:05 Ballistics
38:01 Chemistry
36:47 Arrowslits
37:20 Masonry
38:45 Bodkin Arrow
39:24 Block Printing
39:20 Fervor
39:23 Redemption
39:14 Atonement
40:42 Conscription
42:52 Bracer
51:12 Bombard Tower
50:59 Siege Engineers
51:25 Architecture
50:25 Houfnice
Manav711
1:49 Loom
7:46 Feudal Age
8:58 Double-Bit Axe
16:28 Castle Age
16:51 Scale Barding Armor
17:00 Forging
17:34 Bloodlines
22:42 Horse Collar
26:56 Heavy Plow
27:18 Chain Barding Armor
31:02 Imperial Age
31:48 Wheelbarrow
30:59 Town Watch
31:31 Cavalier
32:52 Paladin
36:01 Plate Barding Armor
36:03 Iron Casting
36:00 Crop Rotation
35:45 Bow Saw
35:53 Heavy Scorpion
39:01 Siege Engineers
39:17 Ballistics
39:58 Chemistry
40:01 Blast Furnace
40:56 Conscription
41:13 Ironclad
47:11 Two-Man Saw
46:28 Masonry
46:20 Scale Mail Armor
46:11 Fletching
52:10 Town Patrol
52:25 Hand Cart
nperezb
2:32 Loom
12:26 Feudal Age
15:09 Castle Age
13:25 Double-Bit Axe
16:17 Man-at-Arms
16:52 Gold Mining
17:15 Bow Saw
17:05 Stone Mining
16:59 Horse Collar
21:30 Gold Shaft Mining
21:31 Stone Shaft Mining
25:11 Long Swordsman
26:26 Husbandry
25:48 Light Cavalry
26:38 Bloodlines
31:19 Imperial Age
29:27 Arson
30:15 Tusk Swords
29:47 Pikeman
31:42 Cavalier
31:47 Two-Handed Swordsman
35:18 Chemistry
34:14 Murder Holes
35:23 Elite Ballista Elephant
35:45 Halberdier
38:13 Conscription
41:42 Caravan
48:00 Double Crossbow
48:30 Hussar
49:51 Elite Skirmisher
54:16 Ballistics
54:16 Scale Barding Armor
54:22 Forging
54:02 Fletching
54:13 Padded Archer Armor
54:15 Scale Mail Armor
57:00 Town Watch
57:51 Wheelbarrow
Cristhian98K
0:42 Loom
9:27 Feudal Age
9:57 Double-Bit Axe
12:12 Horse Collar
19:09 Castle Age
17:36 Gold Mining
20:16 Stone Mining
20:38 Bow Saw
20:29 Heavy Plow
20:58 Squires
21:00 Town Watch
22:38 Fletching
23:17 Padded Archer Armor
23:31 Forging
24:40 Gold Shaft Mining
24:50 Bodkin Arrow
27:33 Wheelbarrow
27:39 Stone Shaft Mining
27:12 Elite Skirmisher
28:13 Leather Archer Armor
28:31 Bloodlines
28:49 Thumb Ring
29:22 Hand Cart
30:58 Husbandry
32:21 Scale Mail Armor
32:32 Caravan
33:23 Chain Mail Armor
37:06 Imperial Age
35:20 Iron Casting
35:17 Pikeman
36:37 Gambesons
37:24 Town Patrol
36:55 Light Cavalry
37:27 Halberdier
37:31 Capped Ram
40:48 Plate Mail Armor
40:50 Crop Rotation
40:47 Arson
42:01 Conscription
43:24 Blast Furnace
42:28 Bracer
43:57 Blast Furnace
47:53 Scale Barding Armor
49:53 Chain Barding Armor
53:22 Bagains
53:22 Stirrups
52:50 Cavalier
57:35 Elite Konnik
58:29 Masonry
58:41 Ballistics
59:25 Chemistry
59:03 Plate Barding Armor
58:18 Siege Ram
60:13 Coinage
60:18 Architecture
59:44 Murder Holes
59:55 Siege Engineers
GingerChook
7:38 Feudal Age
8:06 Double-Bit Axe
8:03 Horse Collar
17:27 Castle Age
17:03 Forging
16:54 Scale Mail Armor
16:55 Padded Archer Armor
16:46 Fletching
16:59 Gold Mining
17:31 Stone Mining
18:26 Wheelbarrow
19:01 Bow Saw
18:41 Town Watch
21:30 Hand Cart
22:17 Heavy Plow
22:58 Treadmill Crane
23:30 Masonry
23:41 Ballistics
25:03 Loom
25:19 Town Patrol
25:38 Leather Archer Armor
25:46 Fervor
25:57 Sanctity
25:58 Fortified Wall
26:26 Bodkin Arrow
27:35 Murder Holes
31:48 Imperial Age
30:30 Iron Casting
30:16 Man-at-Arms
30:42 Gambesons
30:59 Squires
30:46 Arson
30:22 Pikeman
31:32 Yeomen
33:01 Conscription
32:41 Warwolf
32:55 Bracer
32:40 Long Swordsman
33:56 Architecture
33:54 Warwolf
34:35 Ring Archer Armor
33:28 Two-Handed Swordsman
34:55 Siege Engineers
35:22 Elite Longbowman
37:29 Chemistry
36:52 Champion
39:35 Blast Furnace
39:38 Chain Mail Armor
39:29 Scale Barding Armor
40:25 Hoardings
41:00 Illumination
40:51 Block Printing
41:24 Plate Mail Armor
42:34 Two-Man Saw
42:55 Chain Barding Armor
42:38 Husbandry
42:49 Cavalier
59:22 Caravan
59:32 Guilds
Connection lost

Rejoining the realm…

Still unreachable

The connection could not be restored.

Session expired

The server has moved on; the page needs a fresh start.